 Dungeon Sprint DCSS version 0.29-a0-284-gf9362112df (webtiles) character file.

Game seed: 12618615054966672368

137 mhtbhm the Quickloader (level 5, 0/34 HPs)
             Began as a Kobold Hunter on Mar 21, 2022.
             Slain by a human (5 damage)
             ... in the Dungeon (Sprint III: "The Ten Rune Challenge").
             The game lasted 00:01:34 (573 turns).

mhtbhm the Quickloader (Kobold Hunter)               Turns: 573, Time: 00:01:34

Health: 0/34       AC:  3    Str: 10    XL:     5   Next: 43%
Magic:  5/5        EV: 16    Int: 10    God:
Gold:   22         SH:  0    Dex: 19    Spells: 4/4 levels left

rFire   . . .      SeeInvis .   a - +1 hand crossbow
rCold   . . .      Faith    .   (no shield)
rNeg    . . .      Spirit   .   b - +0 leather armour
rPois   .          Reflect  .   (no helmet)
rElec   .          Harm     .   (no cloak)
rCorr   .          Rampage  .   (no gloves)
Will    .....      NoTele   +   (no boots)
Stlth   +++.......              (no amulet)
HPRegen 0.11/turn               (no ring)
MPRegen 0.09/turn               (no ring)

@: no status effects
A: small, no large weapons, nightstalker 3
a: no special abilities


You were in the Dungeon.
You visited 1 branch You collected 22 gold pieces.

Inventory:

Hand Weapons
 a - a +1 hand crossbow (weapon)
Armour
 b - a +0 leather armour (worn)
Scrolls
 c - a scroll of immolation
 j - a scroll of holy word {unknown}
 k - 3 scrolls of identify
 m - a scroll of torment {unknown}
Potions
 d - a potion of curing
 g - 2 potions of magic
 h - a potion of berserk rage
 l - 2 potions of flight {unknown}
 n - 5 potions of mutation


   Skills:
 + Level 4.5 Fighting
 + Level 12.1 Crossbows
 + Level 1.7 Armour
 + Level 4.1 Dodging
 + Level 1.6 Stealth


You had 4 spell levels left.
You didn't know any spells.
Your spell library was empty.

Dungeon Overview and Level Annotations

Branches:
Dungeon (1/1)

Altars:
Okawaru
Trog
Uskayaw
Wu Jian
Beogh


Innate Abilities, Weirdness & Mutations

You are small and have problems with some larger weapons.
You are completely attuned to the shadows.


Message History

Press: ? - help, Dir - move target, p - human
As you read the scroll of blinking, it crumbles to dust.
Okay, then.
Okay, then.
Okay, then.
Shoot: a) +1 hand crossbow
Press: ? - help, Q - select action Shift-Dir - straight line, f - you
Okay, then.
Shoot: a) +1 hand crossbow
Press: ? - help, Q - select action Shift-Dir - straight line, f - human
Aim: a human (berserk, 63% to hit)
You shoot a bolt. The bolt barely misses the human.
Shoot: a) +1 hand crossbow
Press: ? - help, Q - select action Shift-Dir - straight line, f/p - human
Aim: a human (berserk, 63% to hit)
You shoot a bolt. The bolt barely misses the human.
The bolt hits the human but does no damage.
The human hits you! The human barely misses you.
Shoot: a) +1 hand crossbow
Press: ? - help, Q - select action Shift-Dir - straight line, f/p - human
Aim: a human (berserk, 63% to hit)
You shoot a bolt. The bolt hits the human!
The human is moderately wounded.
The human closely misses you.
Shoot: a) +1 hand crossbow
Press: ? - help, Q - select action Shift-Dir - straight line, f/p - human
Aim: a human (moderately wounded, berserk, 63% to hit)
You shoot a bolt. The bolt barely misses the human.
The human hits you! x2
* * * LOW HITPOINT WARNING * * *
Unknown command.
The human attacks as you move away! The human hits you but does no damage.
The human attacks as you move away! The human closely misses you.
The human rages.
The human hits you.
* * * LOW HITPOINT WARNING * * *
The human attacks as you move away! The human hits you but does no damage.
The human misses you. The human attacks as you move away! The human hits you.
You die...

▓#'####......♣ ♣.# #__)
▓...†.#....≈.♣♣♣♣.###+#'###
▓.....#...≈≈.♣♣...#........
▓....[#..≈≈≈≈♣♣♣♣.'.pp.....
▓####'#..≈≈≈≈≈≈♣♣.#...#####
▓(....#.≈≈≈≈≈≈....#.⌠.#
▓.....#.≈≈≈≈≈.....#...#
▓.....#.≈≈≈.......#+###
▓'#####...@p......#
▓..........p......#
▓▓▓▓▓▓▓▓▓▓▓▓▓▓▓▓▓▓▓


You could see 2 humans.

Vanquished Creatures
  A water elemental (D)
  A scorpion (D)
  A human (D)
  An endoplasm (D)
  3 rats (D)
7 creatures vanquished.

Notes
Turn   | Place    | Note
-------+----------+-------------------------------------------
     0 | D        | mhtbhm the Kobold Hunter began the quest for the Orb.
     0 | D        | Reached XP level 1. HP: 12/12 MP: 1/1
     4 | D        | Reached skill level 6 in Crossbows
    30 | D        | Noticed a scorpion
    38 | D        | Killed a scorpion
    39 | D        | Reached skill level 10 in Crossbows
    39 | D        | Reached XP level 2. HP: 9/19 MP: 2/2
    39 | D        | Reached XP level 3. HP: 11/23 MP: 3/3
    39 | D        | Reached XP level 4. HP: 14/28 MP: 4/4
   471 | D        | Noticed a water elemental
   503 | D        | Killed a water elemental
   504 | D        | Reached skill level 12 in Crossbows
   504 | D        | Reached skill level 1 in Armour
   504 | D        | Reached XP level 5. HP: 32/34 MP: 5/5
   547 | D        | Found a hide-covered altar of Uskayaw.
   547 | D        | Found an iron altar of Okawaru.
   547 | D        | Found a bloodstained altar of Trog.
   547 | D        | Found an ornate altar of the Wu Jian Council.
   547 | D        | Noticed a human
   555 | D        | Noticed a human
   573 | D        | Slain by a human

Illustrated notes

Levels and vault maps discovered:
D:        dungeon_sprint_mu [sprint_mu_entry_forest, sprint_mu_temple_rooms,
          sprint_mu_d1_spiders, sprint_mu_d2_genie, sprint_mu_d3_branching,
          sprint_mu_orc_legion, sprint_mu_elf_gauntlet, sprint_mu_hive_nellie,
          sprint_mu_lair_fedhas, sprint_mu_vaults_butterflies,
          sprint_mu_slime_circle, sprint_mu_shoals_archi,
          sprint_mu_snake_twists, sprint_mu_blade_basic,
          sprint_mu_crypt_fortress, sprint_mu_tomb_spiral,
          sprint_mu_vestibule_basic, sprint_mu_gehenna_hellfire,
          sprint_mu_dis_giant, sprint_mu_tartarus_statrot,
          sprint_mu_cocytus_islands, sprint_mu_zot1]

Skill      XL: |  1  2  3  4 |
---------------+-------------+-----
Crossbows      | 10 12 | 12.1
Fighting       | 3 4 |  4.5
Dodging        | 3 4 |  4.1
Armour         | 1 |  1.7
Stealth        | |  1.6

Action                   |  1- 3 |  4- 6 || total
-------------------------+-------+-------++-------
 Fire: Hand crossbow     |    13 |    34 ||    47
  Use: Potion            |       |     2 ||     2
       Scroll            |       |     1 ||     1
Armor: Leather armour    |       |     2 ||     2
Dodge: Dodged            |     4 |    19 ||    23

Table legend: (Time is in decaauts)
 A = Elapsed time spent in this place.
 B = Non-inter-level travel time spent in this place.
 C = Inter-level travel time spent in this place.
 D = Time resting spent in this place.
 E = Time spent auto-exploring this place.
 F = Levels seen in this place.
 G = Mean time per level.
                   A        B        C        D        E       F      G
               +--------+--------+--------+--------+--------+-----+--------+
         Total |    572 |    572 |      0 |    346 |     58 |   1 |  572.0 |
       Dungeon |    572 |    572 |      0 |    346 |     58 |   1 |  572.0 |
               +--------+--------+--------+--------+--------+-----+--------+

Top non-repeatable levels by time:
       D: 572 daAuts
